[Event "Titled Tuesday Blitz April 18 Early 2023"]
[White "Fajdetic, Hrvoje"]
[Black "Belov, Alexei"]
[WhiteFideId "14501945"]
[BlackFideId "4128206"]
[WhiteElo "2185"]
[BlackElo "2482"]
[Result "0-1"]
[Round "04"]
[TimeControl "180+2"]
[Date "2023.04.18"]
[WhiteClock "0:00:02"]
[BlackClock "0:00:58"]

1. d4 e6 2. Bf4 d5 3. e3 Bd6 4. Bg3 Ne7 5. Nf3 Bxg3 6. hxg3 b6 7. a4 Ba6 8. Bxa6 Nxa6 9. Qd3 Nb8 10. Rxh7 Rg8 11. a5 Nbc6 12. axb6 axb6 13. Rxa8 Qxa8 14. Qa3 Qb7 15. Nc3 f6 16. e4 dxe4 17. Nxe4 Nb4 18. Nxf6+ gxf6 19. Rxe7+ Kxe7 20. Qxb4+ Kf7 21. Qd2 Rh8 22. Ke2 Qe4+ 23. Kf1 Rh1+ 24. Ng1 Qc6 25. Qe2 Qa4 26. Qd1 Qc4+ 27. Qd3 Qa4 28. Qd1 Qb5+ 29. Qd3 Qxb2 30. Qd1 Qc3 0-1


[Site "https://www.chess.com"]

[Event "Titled Tuesday Blitz April 18 Early 2023"]
[White "Chernomordik, Pavel"]
[Black "Senft, Sean"]
[WhiteFideId "2804530"]
[BlackFideId "2044960"]
[WhiteElo "2193"]
[BlackElo "1989"]
[Result "1-0"]
[Round "04"]
[TimeControl "180+2"]
[Date "2023.04.18"]
[WhiteClock "0:00:16"]
[BlackClock "0:00:01"]

1. e4 e5 2. Nf3 Nc6 3. Bb5 Nf6 4. Qe2 d6 5. c3 Be7 6. h3 O-O 7. O-O a6 8. Ba4 b5 9. Bc2 Bb7 10. a4 bxa4 11. Rxa4 Nb8 12. d4 Nbd7 13. Nbd2 c5 14. d5 a5 15. Bd3 Qc8 16. Nc4 Qc7 17. Bg5 h6 18. Bh4 Nb6 19. Rxa5 Rxa5 20. Nxa5 Nbxd5 21. exd5 Qxa5 22. c4 Re8 23. Nd2 Qb6 24. Rb1 Bc8 25. f3 Nh5 26. Bf2 Nf4 27. Qf1 g6 28. b4 Qc7 29. Bc2 cxb4 30. Rxb4 Qa5 31. Qb1 Bg5 32. Ne4 Be7 33. Ra4 Qd8 34. Bb6 Qd7 35. Ra7 Qf5 36. g4 Nxh3+ 37. Kg2 Qf4 38. Qf1 Ng5 39. Ra3 Bxg4 40. Nxg5 1-0


[Site "https://www.chess.com"]

[Event "Titled Tuesday Blitz April 18 Early 2023"]
[White "Gheorghiu, Calin"]
[Black "Bettalli, Francesco"]
[WhiteFideId "1200305"]
[BlackFideId "2816453"]
[WhiteElo "2223"]
[BlackElo "2216"]
[Result "1-0"]
[Round "04"]
[TimeControl "180+2"]
[Date "2023.04.18"]
[WhiteClock "0:01:27"]
[BlackClock "0:01:51"]

1. e4 g6 2. d4 Bg7 3. Nc3 c6 4. Nf3 d6 5. h3 Nd7 6. Be2 Ngf6 7. O-O O-O 8. Be3 e5 9. Qd2 Qc7 10. Rfe1 b6 11. Bf1 Bb7 12. a4 a5 13. Rad1 Rad8 14. Bh6 exd4 15. Nxd4 Nc5 16. Bxg7 Kxg7 17. Qg5 Ng8 18. Nf5+ Kh8 19. Nxd6 f6 20. Qg3 Ba6 21. Bxa6 Nxa6 22. e5 fxe5 23. Qxe5+ Qg7 24. Nf7+ Rxf7 25. Rxd8 Nb4 26. Qb8 Rb7 27. Rxg8+ 1-0


[Site "https://www.chess.com"]

[Event "Titled Tuesday Blitz April 18 Early 2023"]
[White "Smietanska, Wiktoria"]
[Black "Rodchenkov, Sergey D."]
[WhiteFideId "21869359"]
[BlackFideId "4168712"]
[WhiteElo "1995"]
[BlackElo "2277"]
[Result "0-1"]
[Round "04"]
[TimeControl "180+2"]
[Date "2023.04.18"]
[WhiteClock "0:00:03"]
[BlackClock "0:01:28"]

1. c4 e5 2. Nc3 Nf6 3. Nf3 Nc6 4. e4 Bb4 5. d3 d6 6. a3 Bc5 7. Be2 h6 8. O-O O-O 9. b4 Bd4 10. Nxd4 Nxd4 11. f4 Nd7 12. Bg4 c5 13. f5 cxb4 14. axb4 Nf6 15. Be3 Bd7 16. Bh3 a5 17. bxa5 Rxa5 18. Rxa5 Qxa5 19. Nd5 Nxd5 20. exd5 f6 21. Qg4 Bxf5 22. Qh5 Bxh3 23. Qxh3 Qc3 24. Qe6+ Nxe6 0-1


[Site "https://www.chess.com"]

[Event "Titled Tuesday Blitz April 18 Early 2023"]
[White "Baches Garcia, Guillermo"]
[Black "ilya2700"]
[WhiteFideId "2209764"]
[WhiteElo "2477"]
[BlackElo "2289"]
[Result "1/2-1/2"]
[Round "04"]
[TimeControl "180+2"]
[Date "2023.04.18"]
[WhiteClock "0:00:17"]
[BlackClock "0:00:02"]

1. e4 c5 2. Nf3 e6 3. d4 cxd4 4. Nxd4 Nf6 5. Nc3 Nc6 6. Nxc6 bxc6 7. e5 Nd5 8. Ne4 Qc7 9. f4 Qb6 10. c4 Ne3 11. Qd3 Bb4+ 12. Ke2 Nxc4 13. b3 Nxe5 14. Nd6+ Bxd6 15. Qxd6 Ba6+ 16. Ke1 Ng4 17. Bxa6 Qxa6 18. Ba3 O-O-O 19. Rc1 Ne3 20. Kf2 Nf5 21. Qc5 Qb6 22. Rhd1 Qxc5+ 23. Rxc5 Kb7 24. Ra5 d5 25. Bc5 a6 26. Ra4 Rb8 27. g4 Nh6 28. h3 Rhd8 29. Rdd4 Ng8 30. g5 Ra8 31. Rdb4+ Kc8 32. Rb6 Kd7 33. Rb7+ Ke8 34. Rab4 Rd7 35. R7b6 Ne7 36. Rb8+ Rd8 37. R8b7 Nf5 38. Rc7 Rd7 39. Rbb7 Rxc7 40. Rxc7 h6 41. b4 hxg5 42. fxg5 a5 43. a3 axb4 44. axb4 Ra2+ 45. Kf3 Ra3+ 46. Kf4 Rxh3 47. Rxc6 Kd7 48. Ra6 Rb3 49. Ra7+ Ke8 50. Ra8+ Kd7 51. Ra7+ Ke8 52. Ra8+ Kd7 53. Ra7+ 1/2-1/2


[Site "https://www.chess.com"]

[Event "Titled Tuesday Blitz April 18 Early 2023"]
[White "Jaskolka, Tomasz"]
[Black "Barwinska, Ewa"]
[WhiteFideId "1170791"]
[BlackFideId "21833761"]
[WhiteElo "2155"]
[BlackElo "1908"]
[Result "1-0"]
[Round "04"]
[TimeControl "180+2"]
[Date "2023.04.18"]
[WhiteClock "0:00:20"]
[BlackClock "0:00:01"]

1. e4 c5 2. Nf3 d6 3. b4 cxb4 4. d4 Nd7 5. a3 bxa3 6. c3 e6 7. Bd3 Ngf6 8. O-O Be7 9. Nxa3 a6 10. Nc2 Qc7 11. Qd2 O-O 12. Ne3 b5 13. Bb2 Bb7 14. d5 Nc5 15. dxe6 fxe6 16. Bc2 Nfxe4 17. Qe2 Bf6 18. Nd4 Rae8 19. Ng4 Bd5 20. Nxf6+ Nxf6 21. Rfe1 Qb7 22. f3 Bc4 23. Qf2 Qd5 24. Rad1 Qh5 25. Nc6 Bd5 26. Nb4 Bb7 27. Rxd6 e5 28. Qxc5 Bc8 29. Qf2 Bf5 30. Bb3+ Kh8 31. Nd5 e4 32. Nxf6 1-0


[Site "https://www.chess.com"]

[Event "Titled Tuesday Blitz April 18 Early 2023"]
[White "Toncheva, Nadya"]
[Black "Jiganchine, Roman"]
[WhiteFideId "2924056"]
[BlackFideId "2603667"]
[WhiteElo "2101"]
[BlackElo "2278"]
[Result "1-0"]
[Round "04"]
[TimeControl "180+2"]
[Date "2023.04.18"]
[WhiteClock "0:00:08"]
[BlackClock "0:00:02"]

1. d4 d5 2. c4 e6 3. Nc3 Nf6 4. cxd5 Nxd5 5. Bd2 c5 6. e4 cxd4 7. Nxd5 exd5 8. e5 Nc6 9. Nf3 Bg4 10. Bb5 Qb6 11. a4 Be7 12. O-O O-O 13. Re1 a6 14. Bd3 Nb4 15. Bb1 a5 16. h3 Bxf3 17. Qxf3 d3 18. Bxb4 Bxb4 19. Qxd3 g6 20. Re2 Rad8 21. Ba2 Qc5 22. Rd1 d4 23. h4 Kg7 24. h5 Rfe8 25. Qf3 Re7 26. Qf6+ Kh6 27. hxg6 hxg6 28. Re4 Rxe5 29. Rxe5 Qc2 30. Qf3 Bd6 31. Re4 f5 32. Rh4+ Kg5 33. Rhxd4 Rh8 34. Rxd6 b5 35. Bf7 1-0


[Site "https://www.chess.com"]

[Event "Titled Tuesday Blitz April 18 Early 2023"]
[White "Thomas, Anysia"]
[Black "Principe, Gerson"]
[WhiteFideId "670472"]
[BlackFideId "3804550"]
[WhiteElo "2091"]
[BlackElo "2229"]
[Result "0-1"]
[Round "04"]
[TimeControl "180+2"]
[Date "2023.04.18"]
[WhiteClock "0:00:01"]
[BlackClock "0:01:00"]

1. d4 Nf6 2. c4 c5 3. d5 e5 4. Nc3 d6 5. e4 Be7 6. h3 O-O 7. Nf3 Ne8 8. g4 Na6 9. Be3 Nac7 10. Be2 a6 11. a4 b6 12. Qd2 Rb8 13. h4 Bd7 14. g5 b5 15. axb5 axb5 16. cxb5 Nxb5 17. Nxb5 Bxb5 18. Bxb5 Rxb5 19. h5 Qb6 20. Rb1 Nc7 21. Qe2 Rb8 22. Bc1 Qa5+ 23. Kf1 Qa2 24. Qc2 Na6 25. g6 Nb4 26. gxh7+ Kxh7 27. Qe2 Qxb1 28. Kg2 Qd3 29. Qe1 Nc2 30. Qg1 Qxe4 0-1


[Site "https://www.chess.com"]

[Event "Titled Tuesday Blitz April 18 Early 2023"]
[White "Rom, Jasper"]
[Black "Blokhin, Sofia"]
[WhiteFideId "2023733"]
[BlackFideId "4508190"]
[WhiteElo "2233"]
[BlackElo "1994"]
[Result "1-0"]
[Round "04"]
[TimeControl "180+2"]
[Date "2023.04.18"]
[WhiteClock "0:01:44"]
[BlackClock "0:01:40"]

1. e4 c5 2. Nc3 e6 3. f4 a6 4. g3 Nc6 5. Bg2 g6 6. Nh3 Bg7 7. O-O Nge7 8. d3 O-O 9. g4 d5 10. e5 d4 11. Ne4 Nd5 12. g5 b6 13. Nf6+ Bxf6 14. gxf6 Bb7 15. Qg4 Nxf6 16. exf6 Qxf6 17. Ng5 Qg7 18. Bd2 h6 19. Nxe6 fxe6 20. Bxc6 Bxc6 21. Qxe6+ Kh7 22. Qxc6 Rf6 23. Qxa8 1-0


[Site "https://www.chess.com"]

[Event "Titled Tuesday Blitz April 18 Early 2023"]
[White "babbilator"]
[Black "Coenen, Michael"]
[BlackFideId "4697367"]
[WhiteElo "2265"]
[BlackElo "2328"]
[Result "0-1"]
[Round "04"]
[TimeControl "180+2"]
[Date "2023.04.18"]
[WhiteClock "0:00:02"]
[BlackClock "0:00:23"]

1. e4 c5 2. Nc3 d6 3. Nf3 g6 4. d4 cxd4 5. Nxd4 Bg7 6. Be3 Nf6 7. f3 O-O 8. Qd2 Nc6 9. O-O-O d5 10. exd5 Nxd5 11. Nxc6 bxc6 12. Bd4 e5 13. Bc5 Re8 14. Ne4 Be6 15. Bc4 h6 16. g4 Qc7 17. h4 Red8 18. Qe1 Nf4 19. Bxe6 Nxe6 20. Ba3 Rd5 21. h5 g5 22. Ng3 Rad8 23. Qe3 Nd4 24. c3 Nb5 25. Bc5 Qa5 26. a3 Qa4 27. Rxd5 cxd5 28. Nf5 d4 29. cxd4 Nxd4 30. Bxd4 exd4 31. Qd3 Qc6+ 32. Kb1 Qd7 33. Rd1 Kf8 34. Ka1 Qd5 35. Kb1 Rd7 36. Ka1 Kg8 37. Kb1 Bf8 38. a4 Rb7 39. Rc1 Rb3 40. Qxd4 Qxd4 41. Nxd4 Rb4 42. b3 Bg7 43. Nc6 Rxb3+ 44. Ka2 Rxf3 45. Ne7+ Kh7 46. Nf5 Rf4 47. Rc7 Kg8 48. Rc8+ Bf8 49. Ne7+ Kg7 50. Nf5+ Kg8 51. Ne7+ Kg7 52. Nf5+ Kf6 53. Rxf8 Rxa4+ 54. Kb3 Rxg4 55. Rh8 Kxf5 0-1


[Site "https://www.chess.com"]

[Event "Titled Tuesday Blitz April 18 Early 2023"]
[White "Kielinkei"]
[Black "Nugumanov, Bakhtiyar"]
[BlackFideId "13701797"]
[WhiteElo "2468"]
[BlackElo "2209"]
[Result "0-1"]
[Round "04"]
[TimeControl "180+2"]
[Date "2023.04.18"]
[WhiteClock "0:00:05"]
[BlackClock "0:00:23"]

1. e4 e6 2. b3 d5 3. Bb2 Ne7 4. exd5 exd5 5. Nf3 Nbc6 6. Be2 Ng6 7. O-O Be6 8. Re1 Qd7 9. Bb5 Bd6 10. Nd4 O-O 11. Nxe6 fxe6 12. Qg4 Rae8 13. Bd3 Qf7 14. Rf1 Nce5 15. Bxe5 Nxe5 16. Qh3 Nxd3 17. Qxd3 e5 18. Nc3 c6 19. Ne2 e4 20. Qh3 Bc5 21. Qg3 Re6 22. c3 Rg6 23. Qh3 Bxf2+ 24. Kh1 Rf6 25. Qg4 Bb6 26. Rxf6 Qxf6 27. h3 Qf2 28. Ng3 Qf4 29. Qe6+ Qf7 30. Qg4 Bc7 31. Rf1 Qxf1+ 32. Kh2 Bxg3+ 33. Qxg3 Qf4 34. h4 Qxg3+ 35. Kxg3 Rf1 36. Kg4 Ra1 0-1


[Site "https://www.chess.com"]

[Event "Titled Tuesday Blitz April 18 Early 2023"]
[White "Palczert, Matyas"]
[Black "Kalajzic, Ivan"]
[WhiteFideId "784958"]
[BlackFideId "14506378"]
[WhiteElo "2224"]
[BlackElo "2203"]
[Result "0-1"]
[Round "04"]
[TimeControl "180+2"]
[Date "2023.04.18"]
[WhiteClock "0:00:02"]
[BlackClock "0:00:17"]

1. e4 Nc6 2. Nf3 d6 3. d4 Bg4 4. d5 Ne5 5. Bb5+ c6 6. Nxe5 Bxd1 7. dxc6 Qa5+ 8. Nc3 a6 9. b4 Qxb5 10. Nxb5 axb5 11. cxb7 Rb8 12. Nc6 Rxb7 13. Kxd1 Kd7 14. Nd4 g6 15. Bb2 Bg7 16. Kc1 Bxd4 17. Bxd4 e5 18. Be3 Ne7 19. Kb2 Nc6 20. c3 f5 21. f3 Ne7 22. Rhd1 Ke6 23. a4 Rc8 24. a5 d5 25. a6 Rbc7 26. a7 Rxc3 27. a8=Q Rxa8 28. Rxa8 Rxe3 29. exd5+ Kd6 30. Ra6+ Kd7 31. d6 Re2+ 32. Kb1 Nc6 33. Rc1 Nxb4 34. Rc7+ Ke6 35. d7+ Nxa6 36. d8=Q Nxc7 37. Qxc7 Rxg2 38. Qxh7 Kf6 39. Qh4+ Ke6 40. Qh7 Kd5 41. Qd7+ Kc4 42. Qe6+ Kd4 43. Qd6+ Ke3 44. Qxe5+ Kxf3 45. h4 f4 46. Qd5+ Kg3 47. Qg5+ Kf3 48. Qxb5 Kf2 49. Qb2+ Kg1 50. Qb6+ Kh1 51. Qc6 Kh2 52. Kc1 Kg3 53. Qxg6+ Kf2 54. Qb6+ Ke2 55. h5 f3 56. h6 f2 57. Qb5+ Kf3 58. Qd5+ Kg3 59. Qg5+ Kh2 60. Qh5+ Kg1 61. Qc5 Rh2 62. h7 Rxh7 63. Qg5+ Kh1 64. Qf5 Rh2 65. Kd1 Kg1 66. Qg4+ Rg2 67. Qd4 Kf1 68. Qd3+ Kg1 69. Qd4 Rg3 0-1


[Site "https://www.chess.com"]

[Event "Titled Tuesday Blitz April 18 Early 2023"]
[White "Jumanov, Elbek"]
[Black "Bashirli, Saadat"]
[WhiteFideId "14202905"]
[BlackFideId "13429990"]
[WhiteElo "2055"]
[BlackElo "1408"]
[Result "1-0"]
[Round "04"]
[TimeControl "180+2"]
[Date "2023.04.18"]
[WhiteClock "0:00:47"]
[BlackClock "0:00:33"]

1. c4 e6 2. Nf3 d5 3. d4 c6 4. g3 dxc4 5. Bg2 Bd6 6. O-O Nd7 7. Qc2 Ngf6 8. Qxc4 O-O 9. Bf4 Bxf4 10. gxf4 Nd5 11. e3 Qe7 12. Nc3 N7f6 13. Rab1 Nxc3 14. bxc3 Nd5 15. Qb3 Qc7 16. c4 Nf6 17. Kh1 c5 18. d5 exd5 19. cxd5 c4 20. Qd1 Bf5 21. d6 Qa5 22. Rxb7 Qxa2 23. Rc7 Bd3 24. Ne5 Ne4 25. Nxd3 Nc3 26. Qa1 Rac8 27. Qxc3 Rxc7 28. dxc7 cxd3 29. Qxd3 Qe6 30. Rc1 Qc8 31. Qb3 a5 32. Qb7 Qd7 33. c8=Q Qxb7 34. Qxb7 a4 35. Ra1 a3 36. Rxa3 1-0


[Site "https://www.chess.com"]

[Event "Titled Tuesday Blitz April 18 Early 2023"]
[White "Kubatko, Ivan"]
[Black "Chirivi C, Jenny Astrid"]
[WhiteFideId "24111473"]
[BlackFideId "4403061"]
[WhiteElo "2285"]
[BlackElo "2001"]
[Result "1-0"]
[Round "04"]
[TimeControl "180+2"]
[Date "2023.04.18"]
[WhiteClock "0:00:07"]
[BlackClock "0:00:19"]

1. e4 c5 2. c3 Nf6 3. e5 Nd5 4. g3 Nc6 5. Bg2 Nc7 6. Nf3 d5 7. exd6 Qxd6 8. O-O g6 9. d4 cxd4 10. cxd4 Bg7 11. Bf4 Qd7 12. Ne5 Nxe5 13. Bxe5 O-O 14. Nc3 e6 15. Rc1 Nd5 16. Ne4 b6 17. Qd2 Ba6 18. Rfd1 Rac8 19. h4 Rxc1 20. Rxc1 Rc8 21. Re1 Qa4 22. Nd6 Rc2 23. Qg5 Qd7 24. Bxd5 h6 25. Qf4 exd5 26. Bxg7 Kxg7 27. Ne8+ Kh8 28. Qf6+ 1-0


[Site "https://www.chess.com"]

[Event "Titled Tuesday Blitz April 18 Early 2023"]
[White "Torres Hernandez, Leslie Carolin"]
[Black "Golubev, Mikhail"]
[WhiteFideId "8400504"]
[BlackFideId "14100983"]
[WhiteElo "1920"]
[BlackElo "2374"]
[Result "1-0"]
[Round "04"]
[TimeControl "180+2"]
[Date "2023.04.18"]
[WhiteClock "0:00:30"]
[BlackClock "0:00:06"]

1. e4 c5 2. Nf3 Nc6 3. Bb5 d6 4. O-O Bd7 5. c3 Nf6 6. d4 Nxe4 7. d5 Ne5 8. Nxe5 Bxb5 9. Re1 Nf6 10. Nf3 g6 11. Bg5 Bg7 12. b3 O-O 13. c4 Bd7 14. Nbd2 h6 15. Bf4 Nh5 16. Be3 e5 17. dxe6 fxe6 18. Ne4 Bc6 19. Qxd6 Qxd6 20. Nxd6 Bxa1 21. Rxa1 Bxf3 22. gxf3 b6 23. Bxh6 Rxf3 24. Re1 Kh7 25. Bg5 Nf4 26. Bxf4 Rxf4 27. Rxe6 Raf8 28. Re7+ Kh6 29. Ne4 R8f7 30. Re8 Rf3 31. h4 R7f4 32. Kg2 Rd3 33. Kf1 Kg7 34. Re7+ Kf8 35. Re6 Rxh4 36. Ng5 Rg4 37. Rxg6 Rd1+ 38. Ke2 Rh4 39. Kxd1 1-0


[Site "https://www.chess.com"]

[Event "Titled Tuesday Blitz April 18 Early 2023"]
[White "Estrada Nieto, Julian"]
[Black "Broca Jimenez, Fernando"]
[WhiteFideId "5101018"]
[BlackFideId "5104742"]
[WhiteElo "2161"]
[BlackElo "2062"]
[Result "1-0"]
[Round "04"]
[TimeControl "180+2"]
[Date "2023.04.18"]
[WhiteClock "0:00:55"]
[BlackClock "0:00:13"]

1. e4 c5 2. Nf3 g6 3. c3 Bg7 4. d4 cxd4 5. cxd4 d5 6. e5 Bg4 7. Bb5+ Nd7 8. O-O e6 9. Nbd2 Ne7 10. h3 Bxf3 11. Nxf3 O-O 12. Bd3 Rc8 13. Bg5 h6 14. Bh4 g5 15. Bg3 Nf5 16. Bh2 Qb6 17. g4 Ne7 18. Rb1 Ng6 19. Kg2 Qa5 20. a3 Nb6 21. Bxg6 fxg6 22. Qd3 Nc4 23. Qxg6 Rxf3 24. Qxe6+ Kh7 25. Qxc8 Nd2 26. Rfd1 Nxb1 27. Kxf3 Nd2+ 28. Kg2 Ne4 29. Qf5+ Kg8 30. Rc1 1-0


[Site "https://www.chess.com"]

[Event "Titled Tuesday Blitz April 18 Early 2023"]
[White "Gonzalez, Francisco Silva"]
[Black "Antonova, Nadezhda"]
[WhiteFideId "1512285"]
[BlackFideId "14700182"]
[WhiteElo "2074"]
[BlackElo "1765"]
[Result "0-1"]
[Round "04"]
[TimeControl "180+2"]
[Date "2023.04.18"]
[WhiteClock "0:00:04"]
[BlackClock "0:00:03"]

1. d4 Nf6 2. c4 g6 3. Nc3 Bg7 4. e4 d6 5. f3 O-O 6. Be3 c5 7. Nge2 Nc6 8. d5 Ne5 9. Ng3 h5 10. Be2 h4 11. Nf1 a6 12. a4 e6 13. Nd2 exd5 14. cxd5 h3 15. g3 Bd7 16. O-O Nh7 17. f4 Nc6 18. dxc6 Bxc6 19. Bg4 Qe7 20. Bxh3 f5 21. Re1 fxe4 22. Nc4 Rad8 23. Nd5 Qf7 24. Ncb6 Bxb2 25. Qd2 Bxa1 26. Rxa1 Nf6 27. Rd1 Nxd5 28. Nxd5 Bxa4 29. f5 Bxd1 30. Qxd1 gxf5 31. Bxf5 Rde8 32. Qg4+ Qg7 33. Be6+ Kh8 34. Qh5+ Qh7 35. Qg4 Qg7 36. Qh3+ Qh7 37. Bh6 b5 38. Bd7 Rd8 39. Be6 Rde8 40. Bd7 Rd8 41. Bg4 Rde8 42. Bxf8 Qxh3 43. Bxh3 Rxf8 44. Be6 b4 45. Nf4 Kg7 46. Bd5 Re8 47. Kf1 Kf6 48. Ke2 Ke5 49. Ke3 a5 50. Bc4 a4 51. h4 b3 52. g4 b2 53. g5 b1=Q 54. Ng6+ Kf5 55. h5 Qe1+ 56. Be2 Qc1+ 57. Kf2 Kxg5 58. Kg3 Qe3+ 59. Bf3 Qxf3+ 60. Kh2 Qxh5+ 61. Nh4 Qxh4+ 62. Kg2 Qg4+ 63. Kf1 Qf3+ 64. Ke1 Qg2 65. Kd1 Rh8 0-1


[Site "https://www.chess.com"]

[Event "Titled Tuesday Blitz April 18 Early 2023"]
[White "Floresvillar Gonzalez, Luis Migu"]
[Black "Melikhov, Evgeny V."]
[WhiteFideId "5100542"]
[BlackFideId "4122046"]
[WhiteElo "2040"]
[BlackElo "2158"]
[Result "0-1"]
[Round "04"]
[TimeControl "180+2"]
[Date "2023.04.18"]
[WhiteClock "0:02:36"]
[BlackClock "0:02:40"]

1. d4 Nf6 2. c3 d5 3. Bg5 Nbd7 4. Nd2 e6 5. e3 Be7 6. f4 O-O 7. Bd3 Re8 8. Ngf3 Nf8 9. O-O N6d7 10. Bxe7 Qxe7 11. Qe2 f5 12. Ne5 Nf6 13. Ndf3 Ne4 14. Rae1 Nd7 15. g3 Ndf6 0-1


[Site "https://www.chess.com"]

[Event "Titled Tuesday Blitz April 18 Early 2023"]
[White "Sargissyan, Sargis"]
[Black "Kuchava, Ana"]
[WhiteFideId "13303210"]
[BlackFideId "13605348"]
[WhiteElo "2109"]
[BlackElo "2001"]
[Result "1-0"]
[Round "04"]
[TimeControl "180+2"]
[Date "2023.04.18"]
[WhiteClock "0:00:58"]
[BlackClock "0:01:52"]

1. e4 c5 2. Nf3 d6 3. d4 cxd4 4. Nxd4 Nf6 5. Nc3 Nc6 6. Bg5 Qb6 7. Nb3 e6 8. Qe2 Be7 9. O-O-O a6 10. f4 O-O 11. g4 h6 12. Bh4 Nxe4 13. Nxe4 Bxh4 14. g5 d5 15. Nf6+ gxf6 16. gxh6 f5 17. Qg2+ 1-0


[Site "https://www.chess.com"]

[Event "Titled Tuesday Blitz April 18 Early 2023"]
[White "Tworuszka, Michal"]
[Black "mrithyunjay"]
[WhiteFideId "1117858"]
[WhiteElo "2439"]
[BlackElo "2206"]
[Result "1/2-1/2"]
[Round "04"]
[TimeControl "180+2"]
[Date "2023.04.18"]
[WhiteClock "0:00:07"]
[BlackClock "0:01:18"]

1. d4 d5 2. c4 dxc4 3. Nf3 Nf6 4. e3 e6 5. Bxc4 a6 6. a4 c5 7. Nc3 Nc6 8. O-O cxd4 9. exd4 Be7 10. Bg5 O-O 11. Qd3 h6 12. Bh4 Nb4 13. Qd2 Nbd5 14. Ne5 Nxc3 15. bxc3 Ne4 16. Bxe7 Nxd2 17. Bxd8 Nxc4 18. Be7 Re8 19. Nxc4 Rxe7 20. Nb6 Rb8 21. c4 Bd7 22. a5 Bc6 23. d5 exd5 24. cxd5 Bb5 25. Rfe1 Rxe1+ 26. Rxe1 Kf8 27. d6 Rd8 28. Rd1 f6 29. d7 Ke7 30. Re1+ Kf7 31. Rd1 Ke7 32. Re1+ Kf7 33. Rd1 Ke6 34. Re1+ Kd6 35. Rd1+ Ke7 1/2-1/2


[Site "https://www.chess.com"]

[Event "Titled Tuesday Blitz April 18 Early 2023"]
[White "Ciuffoletti, Paolo"]
[Black "Topalov, Aleksandar"]
[WhiteFideId "807630"]
[BlackFideId "925659"]
[WhiteElo "2143"]
[BlackElo "2151"]
[Result "0-1"]
[Round "04"]
[TimeControl "180+2"]
[Date "2023.04.18"]
[WhiteClock "0:00:03"]
[BlackClock "0:00:09"]

1. e4 e6 2. d4 d5 3. e5 Ne7 4. Nf3 Qd7 5. Bd3 b6 6. Nbd2 Ba6 7. c4 dxc4 8. Nxc4 Bb7 9. O-O Nbc6 10. Be4 O-O-O 11. a3 h6 12. Be3 Nd5 13. b4 Nce7 14. Rc1 Kb8 15. Qb3 g5 16. a4 Ng6 17. a5 Ngf4 18. axb6 axb6 19. Ra1 Be7 20. Qa2 Qb5 21. Rfc1 Kc8 22. Bxf4 gxf4 23. Qa7 Bc6 24. Nxb6+ Qxb6 25. Qxb6 cxb6 26. Rxc6+ Kb7 27. Bxd5 Rxd5 28. Rac1 Bc5 29. R6xc5 bxc5 30. bxc5 Ra8 31. Rb1+ Kc7 32. h3 Ra2 33. Rb6 Ra1+ 34. Kh2 Rf1 35. Nd2 Rxf2 36. Ne4 Re2 37. Nd6 f3 38. Rb7+ Kc6 39. Rb6+ Kc7 40. Rb7+ Kd8 41. Nxf7+ Ke8 42. Nd6+ Kf8 43. Rf7+ Kg8 44. Rxf3 Rxd4 45. Rg3+ Kh7 46. Rc3 Rxe5 47. c6 Rxd6 48. c7 Rd2 49. c8=Q Rg5 50. Qc7+ Rg7 51. Qc6 e5 52. Rg3 Rxg3 53. Kxg3 Rd3+ 54. Kf2 Rd2+ 55. Kf3 Rd3+ 56. Ke4 Rg3 57. Kxe5 Rg5+ 58. Kf6 Rg6+ 0-1


[Site "https://www.chess.com"]

[Event "Titled Tuesday Blitz April 18 Early 2023"]
[White "Jimenez Jimenez, Leandro"]
[Black "Sailer, Mike"]
[WhiteFideId "6415253"]
[BlackFideId "2012901"]
[WhiteElo "2263"]
[BlackElo "2109"]
[Result "1-0"]
[Round "04"]
[TimeControl "180+2"]
[Date "2023.04.18"]
[WhiteClock "0:00:41"]
[BlackClock "0:00:09"]

1. d4 d5 2. c4 Bf5 3. cxd5 Bxb1 4. Rxb1 Qxd5 5. Bf4 Nc6 6. Nf3 O-O-O 7. e3 e5 8. Nxe5 Bb4+ 9. Ke2 Nge7 10. Qb3 Qb5+ 11. Qd3 Qd5 12. a3 Bd6 13. Nxc6 Nxc6 14. Bxd6 Rxd6 15. f3 Ne5 16. Qf5+ Nd7 17. Qxd5 Rxd5 18. Kf2 c5 19. Bc4 Rd6 20. Rhd1 cxd4 21. Rxd4 Rxd4 22. exd4 f6 23. Re1 Kd8 24. Bd5 b6 25. Re6 Rf8 26. Ke3 f5 27. Kf4 g6 28. Kg5 b5 29. Bc6 Nb6 30. Bxb5 Nd5 31. Rd6+ 1-0


[Site "https://www.chess.com"]

[Event "Titled Tuesday Blitz April 18 Early 2023"]
[White "Orujov2008"]
[Black "Tuleyeva-Aketayeva, Dana"]
[BlackFideId "13701932"]
[WhiteElo "2427"]
[BlackElo "2030"]
[Result "1-0"]
[Round "04"]
[TimeControl "180+2"]
[Date "2023.04.18"]
[WhiteClock "0:01:32"]
[BlackClock "0:00:01"]

1. e4 c5 2. Nf3 Nc6 3. d4 cxd4 4. Nxd4 g6 5. c4 Bg7 6. Be3 Nf6 7. Nc3 O-O 8. Be2 d6 9. O-O Bd7 10. f3 a5 11. Qd2 a4 12. b3 Nxd4 13. Bxd4 Bc6 14. Rfd1 Qa5 15. Kh1 Nd7 16. Bxg7 Kxg7 17. Qb2 Kg8 18. b4 Qb6 19. a3 Nf6 20. Re1 Qd4 21. Rad1 Qe5 22. Qd2 g5 23. Nd5 Bxd5 24. exd5 Qf4 25. Qxf4 gxf4 26. Rd4 Nh5 27. Bd3 Rfe8 28. Bf5 Ng7 29. Bd7 Red8 30. Bg4 f5 31. Bh3 e5 32. dxe6 Nxe6 33. Rxe6 Re8 34. Rdxd6 Rad8 35. Bxf5 Rxd6 36. Rxe8+ Kf7 37. Re1 Rd4 38. h3 Rxc4 39. Be6+ 1-0


[Site "https://www.chess.com"]

[Event "Titled Tuesday Blitz April 18 Early 2023"]
[White "Fernandez Siles, Luis"]
[Black "Faci, Fadil"]
[WhiteFideId "2209420"]
[BlackFideId "4645162"]
[WhiteElo "2195"]
[BlackElo "2149"]
[Result "1-0"]
[Round "04"]
[TimeControl "180+2"]
[Date "2023.04.18"]
[WhiteClock "0:00:39"]
[BlackClock "0:00:21"]

1. d4 Nf6 2. c4 g6 3. Nc3 d5 4. cxd5 Nxd5 5. Bd2 Bg7 6. e4 Nxc3 7. Bxc3 c5 8. d5 Bxc3+ 9. bxc3 Qa5 10. Qd2 O-O 11. h4 h5 12. Nf3 e6 13. c4 Qxd2+ 14. Kxd2 exd5 15. exd5 Bg4 16. Ne5 Bf5 17. Bd3 Bxd3 18. Kxd3 b6 19. f4 Kg7 20. Rhf1 f6 21. Nf3 Nd7 22. a4 a5 23. Rab1 Rfe8 24. Nd2 f5 25. Rfe1 Kf7 26. Nf3 Kf6 27. Ng5 Rab8 28. Ne6 Re7 29. Nc7 Rb7 30. d6 Rxe1 31. Rxe1 Nf8 32. Re8 Kf7 33. Re7+ Kf6 34. Nd5# 1-0


[Site "https://www.chess.com"]

[Event "Titled Tuesday Blitz April 18 Early 2023"]
[White "Tarnowska, Aleksandra"]
[Black "Zacurdajev, Dmitry"]
[WhiteFideId "1180967"]
[BlackFideId "4196309"]
[WhiteElo "1776"]
[BlackElo "2189"]
[Result "0-1"]
[Round "04"]
[TimeControl "180+2"]
[Date "2023.04.18"]
[WhiteClock "0:00:02"]
[BlackClock "0:00:05"]

1. e4 c6 2. d4 d5 3. Nc3 dxe4 4. Nxe4 Nf6 5. Nxf6+ exf6 6. Nf3 Bd6 7. Be3 O-O 8. Qd2 Nd7 9. O-O-O b5 10. h4 Nb6 11. h5 Nc4 12. Bxc4 bxc4 13. h6 g6 14. Qc3 Be6 15. Nd2 Rb8 16. Nxc4 Bb4 17. Qd3 Bf5 18. Qe2 Qd5 19. Bd2 Rfe8 20. Qf1 a5 21. a3 Bxd2+ 22. Rxd2 Be6 23. b3 a4 24. Rd3 axb3 25. cxb3 Bf5 26. Rc3 Qxd4 27. Kb2 Rxb3+ 28. Kxb3 Rb8+ 29. Ka2 Qxc3 30. Qc1 Bc2 31. Nb2 Qb3+ 32. Ka1 Qxa3# 0-1


[Site "https://www.chess.com"]